Map: Jagannatha LE

Players

ViBE - Winner!

  • Race: Protoss Protoss
  • League: Platinum
  • Spawn Location: 7:00

ElWeirdo

  • Race: Zerg Zerg
  • League: Master
  • Spawn Location: 1:00

VOD

Have the link to the VOD?

Description

Time

  • Played on: March 31, 2021, 9:05 p.m.
  • Length: 12:45
Show
View Real Time Build Order
Export as new Build Order

ViBE Protoss - Winner!

Build Orders: 1 Gate Expand, Archon Immortal 

Get SALT Encoding   

  12  0:00  Probe  
  13  0:12  Probe  
  14  0:20  Pylon  
  14  0:24  Probe  
  15  0:38  Probe  
  15  0:39  Gateway  
  16  0:48  Assimilator  
  16  0:50  Probe (Chrono Boost)  
  17  1:00  Probe (Chrono Boost)  
  18  1:05  Probe (Chrono Boost)  
  19  1:17  Probe  
  19  1:28  Nexus  
  19  1:29  Probe  
  20  1:39  Cybernetics Core  
  20  1:43  Probe  
  21  1:49  Assimilator  
  21  1:55  Probe  
  21  1:56  Pylon  
  22  2:07  Probe (Chrono Boost)  
  23  2:13  Stalker (Chrono Boost)  
  23  2:16  Warp Gate  
  23  2:19  Probe (Chrono Boost)  
  26  2:27  Probe (Chrono Boost)  
  27  2:36  Sentry, Probe (Chrono Boost)  
  30  2:40  Probe (Chrono Boost)  
  31  2:48  Gateway  
  31  2:49  Probe (Chrono Boost)  
  31  2:50  Probe (Chrono Boost)  
  33  2:51  Robotics Facility  
  33  2:54  Probe (Chrono Boost)  
  33  2:58  Probe  
  35  3:05  Stalker  
  37  3:06  Probe  
  37  3:10  Probe  
  39  3:18  Probe  
  40  3:22  Probe  
  41  3:27  Pylon  
  41  3:30  Probe  
  41  3:31  Pylon  
  42  3:34  Probe  
  43  3:42  Probe  
  43  3:43  Observer  
  43  3:46  Probe  
  46  3:55  Probe  
  47  3:58  Probe  
  48  4:03  Stalker  
  48  4:04  Stalker  
  48  4:07  Probe  
  48  4:09  Immortal  
  57  4:11  Nexus  
  57  4:13  Pylon  
  57  4:17  Pylon  
  57  4:19  Probe x2  
  59  4:26  Assimilator  
  59  4:29  Assimilator  
  59  4:32  Probe (Chrono Boost)  
  59  4:33  Probe (Chrono Boost)  
  59  4:34  Stalker  
  59  4:35  Stalker  
  65  4:44  Probe (Chrono Boost)  
  65  4:45  Probe (Chrono Boost)  
  67  4:50  Pylon, Probe x2 (Chrono Boost)  
  69  5:00  Pylon, Immortal  
  69  5:03  Pylon  
  69  5:05  Pylon, Probe (Chrono Boost)  
  69  5:06  Probe (Chrono Boost)  
  75  5:17  Probe (Chrono Boost)  
  75  5:18  Probe (Chrono Boost)  
  77  5:22  Stalker x2  
  77  5:27  Probe x2 (Chrono Boost)  
  77  5:28  Probe (Chrono Boost)  
  87  5:35  Probe (Chrono Boost)  
  87  5:36  Twilight Council, Probe (Chrono Boost)  
  87  5:37  Forge, Probe (Chrono Boost)  
  87  5:40  Forge  
  87  5:41  Probe (Chrono Boost)  
  88  5:44  Probe x2  
  90  5:50  Immortal  
  90  5:53  Probe  
  90  5:56  Probe x2  
  97  5:59  Stalker x2  
  97  6:03  Assimilator  
  101  6:06  Assimilator  
  101  6:09  Gateway  
  101  6:11  Gateway  
  101  6:18  Gateway  
  101  6:22  Probe x3  
  101  6:25  Protoss Ground Weapons Level 1 (Chrono Boost), Protoss Ground Armor Level 1 (Chrono Boost)  
  104  6:27  Templar Archives  
  104  6:28  Charge  
  104  6:31  Immortal  
  108  6:38  Probe x3  
  111  6:40  Zealot x2  
  115  6:49  Nexus  
  115  6:52  Pylon  
  115  6:55  Pylon  
  115  6:59  Probe x3  
  118  7:07  High Templar  
  118  7:08  High Templar x2  
  124  7:11  High Templar, Probe x2  
  124  7:12  Zealot, Probe  
  124  7:14  Archon  
  124  7:15  Archon  
  131  7:17  Immortal  
  135  7:23  Probe x2  
  135  7:24  Probe  
  138  7:35  Gateway x2, Probe  
  138  7:36  Probe x2  
  141  7:37  Gateway  
  141  7:42  Assimilator, Gateway  
  141  7:45  Assimilator  
  141  7:55  Nexus  
  141  7:56  Pylon  
  141  7:59  Pylon  
  141  8:00  Probe  
  141  8:03  Pylon  
  141  8:05  Pylon  
  142  8:08  Pylon  
  142  8:13  High Templar x4  
  142  8:14  Zealot  
  142  8:18  Archon x2  
  142  8:19  Immortal  
  156  8:27  Protoss Ground Weapons Level 2 (Chrono Boost), Protoss Ground Armor Level 2 (Chrono Boost)  
  156  8:30  Pylon  
  156  8:34  Robotics Facility  
  156  8:36  Gateway  
  156  8:38  Gateway  
  156  8:39  Zealot  
  156  8:40  Zealot x4  
  156  8:41  Gateway  
  166  8:50  Zealot x4  
  174  9:13  Assimilator  
  174  9:14  Assimilator  
  174  9:18  Zealot x5  
  174  9:19  Zealot x4  
  174  9:21  Immortal x2  
  200  9:43  Photon Cannon  
  200  9:46  Photon Cannon  
  200  9:48  Shield Battery  
  200  9:49  Photon Cannon  
  200  9:52  Photon Cannon x2  
  200  9:53  Shield Battery  
  200  9:54  Photon Cannon  
  200  9:55  Shield Battery  
  200  9:57  Photon Cannon  
  200  10:01  Photon Cannon  
  200  10:03  Shield Battery  
  200  10:09  Photon Cannon  
  200  10:12  Photon Cannon  
  200  10:14  Shield Battery  
  174  10:19  Zealot x12  
  188  10:22  Immortal  
  188  10:25  Immortal  
  186  10:37  Gateway  
  186  10:39  Gateway  
  186  10:42  Gateway  
  178  10:43  High Templar x6  
  178  10:44  High Templar x4  
  178  10:45  High Templar  
  178  10:46  Gateway, High Templar  
  198  11:02  Archon x2  
  198  11:03  Archon x3  
  198  11:04  Archon  
  198  11:31  Nexus  
  198  11:34  Pylon  
  198  11:37  Pylon  
  198  11:41  Pylon  
  186  12:07  Gateway  
  162  12:09  Gateway  
  162  12:11  Gateway  
  162  12:13  Gateway  
  150  12:23  Zealot  
  152  12:28  Zealot  
  152  12:31  Zealot x2  
  152  12:32  Zealot x9  
  152  12:33  Zealot x3  
Show
View Real Time Build Order
Export as new Build Order

ElWeirdo Zerg 

Build Orders: Hatch First, Lurkers, Roach Hydra 

Get SALT Encoding   

  12  0:00  Drone  
  13  0:10  Drone  
  14  0:18  Overlord  
  14  0:27  Extractor  
  13  0:29  Drone  
  13  0:30  Extractor, Drone  
  16  0:36  Drone  
  17  0:45  Drone  
  18  0:57  Hatchery  
  18  1:01  Drone  
  18  1:09  Drone  
  19  1:15  Extractor  
  19  1:16  Drone  
  19  1:26  Spawning Pool  
  19  1:30  Drone  
  19  1:42  Drone  
  20  1:49  Drone  
  21  2:00  Drone  
  22  2:09  Overlord  
  22  2:11  Drone  
  22  2:13  Queen x2  
  27  2:24  Zergling x2  
  27  2:28  Zergling x2  
  29  2:30  Overlord  
  29  2:34  Metabolic Boost  
  29  2:41  Zergling x2  
  30  2:45  Drone x2  
  32  2:54  Queen x2  
  36  3:05  Drone x4  
  40  3:26  Drone x4  
  44  3:29  Extractor  
  43  3:42  Evolution Chamber  
  43  3:47  Baneling Nest  
  41  3:51  Drone x3  
  41  3:52  Overlord  
  44  3:55  Hatchery  
  43  4:17  Queen  
  43  4:19  Lair  
  43  4:22  Drone x2  
  43  4:23  Drone x5  
  52  4:25  Overlord x2  
  52  4:36  Zerg Missile Weapons Level 1  
  52  4:39  Extractor  
  51  4:47  Drone x3  
  51  4:48  Drone x2  
  51  4:50  Baneling x6  
  56  4:56  Drone x3  
  56  4:57  Drone  
  60  5:12  Queen, Extractor  
  61  5:15  Drone x3  
  61  5:20  Centrifical Hooks  
  64  5:29  Roach Warren  
  64  5:32  Hydralisk Den  
  62  5:46  Drone x4  
  62  5:47  Drone x6  
  62  5:49  Spore Crawler  
  71  5:51  Queen  
  71  5:54  Spore Crawler  
  72  6:00  Spore Crawler  
  72  6:01  Evolution Chamber  
  72  6:02  Grooved Spines  
  70  6:09  Spore Crawler, Drone, Glial Reconstitution  
  70  6:12  Drone x5, Spine Crawler  
  70  6:13  Overlord  
  74  6:20  Extractor  
  74  6:21  Extractor  
  72  6:34  Hatchery  
  72  6:35  Zerg Missile Weapons Level 2  
  72  6:37  Zerg Ground Armor Level 1  
  71  6:41  Roach  
  71  6:42  Roach x3  
  71  6:45  Overseer x2  
  79  6:51  Drone  
  80  6:54  Spine Crawler  
  80  6:55  Spine Crawler  
  80  6:57  Drone  
  80  6:58  Drone x3  
  82  7:01  Overlord x2  
  82  7:14  Muscular Augments  
  82  7:36  Roach  
  84  7:37  Roach x7  
  84  7:41  Overlord x2  
  84  7:42  Overlord x3  
  98  7:48  Ravager x4  
  98  7:49  Overseer  
  102  7:51  Overseer  
  102  7:54  Zergling x2  
  102  7:55  Zergling x2  
  104  8:13  Burrow, Pneumatized Carapace  
  104  8:14  Hydralisk  
  104  8:15  Hydralisk x9  
  124  8:29  Queen  
  124  8:30  Drone x4  
  124  8:31  Drone x2  
  132  8:38  Zerg Ground Armor Level 2  
  132  8:42  Infestation Pit  
  132  8:45  Zergling x2  
  132  8:46  Zergling x6  
  135  9:02  Zerg Melee Weapons Level 1  
  135  9:08  Drone  
  135  9:09  Drone x8  
  144  9:10  Overlord x7  
  144  9:16  Extractor x2  
  142  9:18  Spore Crawler  
  142  9:20  Drone  
  142  9:21  Drone x3, Spine Crawler x2  
  143  9:32  Nydus Network  
  142  9:39  Lurker Den, Nydus Network  
  140  10:12  Zergling x2  
  140  10:13  Zergling x40  
  140  10:14  Zergling x4  
  119  10:26  Roach  
  119  10:27  Roach x5  
  110  10:35  Zergling x2  
  90  10:36  Zergling x14  
  90  10:42  Hydralisk  
  88  10:43  Hydralisk  
  83  10:54  Queen x3  
  89  11:09  Drone x2  
  89  11:10  Hydralisk x6  
  89  11:11  Hydralisk  
  105  11:26  Lurker x2  
  105  11:29  Queen, Hydralisk  
  105  11:30  Hydralisk x7  
  124  11:38  Lurker x3  
  127  11:51  Roach  
  127  11:52  Roach x4  
  139  11:55  Lurker  
  125  12:07  Roach x3  
  68  12:17  Hatchery  
Tags
 
Add a new tag
Caveats
  • Supply blocks, unpowered buildings, or Contaminate may cause inaccurate times.
  • Supply counts are checked every 10 seconds.